 Dungeon Crawl Stone Soup version 0.26-a0-1222-g14533b3512 (webtiles) character file.

Game seed: 5857455514779954245

18 voltaire321 the Skirmisher (level 2, -2/24 HPs)
             Began as a Human Monk on Dec 31, 2020.
             Slain by an adder (3 damage)
             ... on level 2 of the Dungeon.
             The game lasted 00:03:34 (1134 turns).

voltaire321 the Skirmisher (Human Monk)             Turns: 1134, Time: 00:03:34

Health: -2/24      AC:  2    Str: 11    XL:     2   Next: 85%
Magic:  2/2        EV: 13    Int: 10    God:
Gold:   55         SH:  0    Dex: 15    Spells: 1/1 levels left

rFire    . . .     SeeInvis .   i - +0 long sword
rCold    . . .     Faith    .   (no shield)
rNeg     . . .     Spirit   .   b - +0 robe
rPois    .         Reflect  .   (no helmet)
rElec    .         Harm     .   (no cloak)
rCorr    .         Rampage  .   (no gloves)
Will     .....                  (no boots)
Stlth    ++........             (no amulet)
HPRegen  0.08/turn              (no ring)
MPRegen  0.08/turn              (no ring)

@: lethally poisoned (-2 -> -14)
A: no striking features
a: no special abilities


You were on level 2 of the Dungeon.
You visited 1 branch of the dungeon, and saw 2 of its levels.

You collected 55 gold pieces.

Inventory:

Hand Weapons
 a - a +0 falchion
 i - a +0 long sword (weapon)
Missiles
 e - 8 boomerangs (quivered)
 h - 8 javelins
Armour
 b - a +0 robe (worn)
Potions
 c - 2 potions of flight {unknown}
 d - a potion of lignification {unknown}
 f - a potion of might {unknown}
 g - 2 potions of mutation {unknown}


   Skills:
 + Level 3.2 Fighting
 + Level 3.2 Long Blades
 + Level 1.0 Throwing
 + Level 0.0 Armour
 + Level 3.2 Dodging
 - Level 2.0 Stealth


You had one spell level left.
You didn't know any spells.
Your spell library was empty.

Dungeon Overview and Level Annotations

Branches:
Dungeon (2/15)

Altars:


Message History

You closely miss the adder.
You feel sick. The adder closely misses you.
You miss the adder.
You feel sick. The adder bites you.
You are more poisoned.
The adder poisons you! The adder closely misses you.
You closely miss the adder.
* * * LOW HITPOINT WARNING * * *
You feel sick. The adder barely misses you.
You miss the adder.
* * * LOW HITPOINT WARNING * * *
You feel sick. The adder barely misses you. The adder misses you.
You hit the adder.
The adder is moderately wounded.
* * * LOW HITPOINT WARNING * * *
You feel sick. The adder bites you.
* * * LOW HITPOINT WARNING * * *
You closely miss the adder.
The adder is moderately wounded.
* * * LOW HITPOINT WARNING * * *
You feel sick. The adder bites you.
You die...

#.####..#....##
######.##.(...).....
#.........#........#
#.###...#.#.#####..#
#.###.#.#.#.# #..#
#...#.###.#.# #..#
#.#)#.....#.# #..#
##....###.#.## #..#
#.@.<.......## #..#
#S######.....b ...#
#...........#
#####S...#.. #....#
#...>.....
#....##### #.S..#
#....#


You could see an adder.

Vanquished Creatures
  2 oozes (D:1)
  2 bats (D:2)
  A giant cockroach (D:2)
  2 hobgoblins (D:2)
  A quokka (D:2)
  A rat (D:1)
9 creatures vanquished.

Notes
Turn   | Place    | Note
-------+----------+-------------------------------------------
     0 | D:1      | voltaire321 the Human Monk began the quest for the Orb.
     0 | D:1      | Reached XP level 1. HP: 18/18 MP: 1/1
   632 | D:1      | Reached XP level 2. HP: 19/24 MP: 2/2
  1079 | D:2      | Reached skill level 1 in Throwing
  1134 | D:2      | HP: 1/24 [poisoned by an adder]
  1134 | D:2      | Slain by an adder

Illustrated notes

Levels and vault maps discovered:
D:1:      scummos_arrival_checkerplants, layout_basic, minmay_misc_feat_alley
D:2:      layout_basic, chequers_ecumenical_altar_grove,
          okawaru_ov_weapons_minmay

Skill      XL: |  1  2 |
---------------+-------+-----
Throwing       | 1 |  1.0
Fighting       | |  3.2
Long Blades    | |  3.2
Dodging        | |  3.2
Stealth        | |  2.0

Action                   || total
-------------------------++-------
Melee: Falchion          ||    22
       Long sword        ||    14
Armor: Robe              ||     6
Dodge: Dodged            ||    22
       Rpst.: Falchion   ||     6
       Long sword        ||     1

Table legend: (Time is in decaauts)
 A = Elapsed time spent in this place.
 B = Non-inter-level travel time spent in this place.
 C = Inter-level travel time spent in this place.
 D = Time resting spent in this place.
 E = Time spent auto-exploring this place.
 F = Levels seen in this place.
 G = Mean time per level.
                   A        B        C        D        E       F      G
               +--------+--------+--------+--------+--------+-----+--------+
         Total |   1139 |   1139 |      0 |    355 |    604 |   2 |  569.5 |
       Dungeon |   1139 |   1139 |      0 |    355 |    604 |   2 |  569.5 |
               +--------+--------+--------+--------+--------+-----+--------+

Top non-repeatable levels by time:
     D:1: 740 daAuts
     D:2: 399 daAuts
